AoeStats
← Cerdito

Hill Fort

506433424Analyzed
2v2 RM · 18d ago on Sep 13, 2026· 45m 19s· 4 players
Game mode
Random Map
Map size
Medium (4 player)
Population
200
Speed
Normal
Resources
Standard
Victory
Conquest
Starting age
Dark Age
Ending age
Imperial Age
RankedLock teamsTeams togetherTeam positionsShared explorationLock speedFull tech treeHidden civsTurbo modeCheats
Victory
Defeat
🇨🇳 Mongols · China
1134
+18
🇺🇦 Japanese · Ukraine
1174
-18
🇺🇦 Vietnamese · Ukraine
1171
-17
Cerdito
10:34 Feudal Age
11:36 Double-Bit Axe
14:46 Castle Age
12:50 Horse Collar
15:46 Bow Saw
21:34 Loom
23:01 Wheelbarrow
24:19 Fletching
31:04 Heavy Plow
32:03 Bodkin Arrow
34:10 Hand Cart
34:29 Stone Mining
34:30 Gold Mining
35:35 Padded Archer Armor
38:18 Imperial Age
36:38 Leather Archer Armor
36:37 Town Watch
37:20 Bloodlines
37:10 Husbandry
37:55 Thumb Ring
38:42 Gold Shaft Mining
38:43 Stone Shaft Mining
39:04 Elite Mangudai
39:46 Bracer
40:15 Parthian Tactics
41:06 Scale Barding Armor
40:38 Onager
40:45 Light Cavalry
42:51 Chain Barding Armor
41:54 Hussar
43:10 Forging
43:07 Caravan
44:04 Elite Mangudai
45:43 Iron Casting
45:11 Capped Ram
我马枪和B站夜语夕言学的你几个马敢和我对线
11:41 Feudal Age
12:40 Double-Bit Axe
12:38 Horse Collar
15:39 Castle Age
13:31 Loom
17:10 Bow Saw
17:01 Heavy Plow
17:07 Heavy Plow
19:05 Wheelbarrow
23:49 Fletching
24:00 Padded Archer Armor
24:03 Gold Mining
25:10 Hand Cart
25:54 Ballistics
26:20 Bodkin Arrow
26:40 Leather Archer Armor
30:44 Malon
37:38 Imperial Age
39:37 Ring Archer Armor
40:08 Chemistry
39:08 Elite Bolas Rider
39:15 Onager
40:04 Siege Engineers
40:16 Capped Ram
4.
7:29 Loom
11:03 Feudal Age
18:36 Castle Age
17:20 Horse Collar
17:28 Double-Bit Axe
20:59 Scale Mail Armor
22:04 Bow Saw
30:45 Forging
37:27 Imperial Age
Poison
11:07 Feudal Age
15:49 Castle Age
14:09 Double-Bit Axe
14:35 Horse Collar
15:01 Loom
18:12 Wheelbarrow
18:48 Gold Mining
20:38 Padded Archer Armor
22:01 Fletching
23:12 Elite Skirmisher
26:37 Bow Saw
28:24 Bodkin Arrow
30:24 Ballistics
30:51 Leather Archer Armor
31:39 Hand Cart
31:26 Heavy Plow
34:53 Thumb Ring
38:01 Imperial Age
38:05 Bloodlines
37:15 Light Cavalry
38:49 Bracer
39:20 Scale Barding Armor
39:26 Forging
39:29 Chatras
38:52 Imperial Skirmisher
39:35 Husbandry
Connection lost

Rejoining the realm…

Still unreachable

The connection could not be restored.

Session expired

The server has moved on; the page needs a fresh start.